 Dungeon Crawl Stone Soup version 0.30-a0-4-ga7cffc901d (webtiles) character file.

Game seed: 4011792449618013561

25 anonymouscript the Conjurer (level 2, 0/18 HPs)
             Began as a Draconian Conjurer on Mar 19, 2022.
             Was a Follower of Zin.
             Slain by an adder (1 damage)
             ... on level 2 of the Dungeon on Aug 20, 2022.
             The game lasted 00:05:24 (1465 turns).

anonymouscript the Conjurer (Draconian Conjurer)    Turns: 1465, Time: 00:05:24

Health: 0/18       AC:  4    Str:  9    XL:     2   Next: 86%
Magic:  0/5        EV: 12    Int: 18    God:    Zin [*.....]
Gold:   50         SH:  0    Dex:  9    Spells: 4/5 levels left

rFire   . . .      SeeInvis .    h - +0 dagger
rCold   + . .      Faith    .    (no shield)
rNeg    . . .      Spirit   .    (body armour unavailable)
rPois   .          Reflect  .    (helmet restricted)
rElec   +          Harm     .    (no cloak)
rCorr   .          Rampage  .    (no gloves)
Will    .....                    (no boots)
Stlth   ++........               (no amulet)
HPRegen 0.06/turn                c - ring of protection from cold
MPRegen 0.09/turn                (no ring)

@: no status effects
A: AC +4, unfitting armour, cold-blooded, frail 1, electricity resistance
a: Renounce Religion, Recite, Donate Gold


You were on level 2 of the Dungeon.
You worshipped Zin.
Zin was aware of your devotion.
You visited 1 branch of the dungeon, and saw 2 of its levels.

You collected 55 gold pieces.
You donated 5 gold pieces to Zin.

Inventory:

Hand Weapons
 h - a +0 dagger (weapon)
Jewellery
 c - a ring of protection from cold (left hand)
Scrolls
 b - a scroll of identify
 e - a scroll of enchant weapon {unknown}
 f - 2 scrolls of enchant armour
 g - 2 scrolls of teleportation
 i - a scroll of blinking {unknown}
Potions
 a - a potion of magic


   Skills:
 + Level 1.8 Dodging
 + Level 2.0 Stealth
 + Level 2.2 Spellcasting
 + Level 4.6 Conjurations


You had 4 spell levels left.
You knew the following spells:

 Your Spells              Type           Power      Damage    Failure   Level
a - Magic Dart            Conj           72%        1d6       2%          1

Your spell library contained the following spells:

 Spells                   Type           Power      Damage    Failure   Level
 Searing Ray              Conj           36%        2d5       4%          2
 Dazzling Flash           Conj/Hex       20%        N/A       21%         3
 Fulminant Prism          Conj/Hex       5%         3d7       56%         4
 Iskenderun's Mystic Bla  Conj/Tloc      10%        2d4       56%         4


Dungeon Overview and Level Annotations

Branches:
Dungeon (2/15)

Altars:
Zin


Innate Abilities, Weirdness & Mutations

Your plain brown scales are hard. (AC +4)
You cannot fit into any form of body armour.
You are cold-blooded and may be slowed by cold attacks.
You are frail. (-10% HP)
You are resistant to electric shocks. (rElec)


Message History

Aim: a worm (severely wounded, 100% to hit)
The magic dart hits the worm.
The worm is almost dead.
Casting: Magic Dart (safe; 2% risk of failure)
Confirm with . or Enter, or press ? or * to list all spells.
You don't have enough magic to cast this spell.
Unknown command.
The adder barely misses you. x2
Found the Unrestrained Analects.
Casting: Magic Dart (safe; 2% risk of failure)
Confirm with . or Enter, or press ? or * to list all spells.
Aiming: Magic Dart (safe; 2% risk of failure)
Press: ? - help, Shift-Dir - straight line, f/p - worm
Aim: a worm (severely wounded, 100% to hit)
The magic dart hits the worm.
The worm is almost dead.
The adder barely misses you. x2
The adder bites you but does no damage.
You hit the worm.
The worm is almost dead.
The adder misses you. The worm bites you!
You hit the worm.
The worm is almost dead.
The adder bites you. The adder bites you but does no damage.
The worm bites you.
* * * LOW HITPOINT WARNING * * *
You barely miss the worm.
The worm is almost dead.
The adder bites you.
* * * LOW HITPOINT WARNING * * *
The adder attacks as you move away! The adder bites you.
Zin protects you from harm!
Found a hand axe.
The adder closely misses you.
It was a potion of mutation.
You feel extremely strange. Zin protects your body from mutation!
You feel frail.
You feel insulated.
Zin forgives your inadvertent chaotic act, just this once.
The adder bites you but does no damage. The adder attacks as you move away!
The adder bites you.
You die...

+............# ..###
#............##.:..#.
#............#.......
#...............##...
#.........[.....#....
+.....<..............
#....................
#...........wS.......
####'######..@.......
#.######...######.
#...........
###...†......
.....#.....
.....###...# .....#
...# .....# .).#
w....#


You could see a worm and an adder.

Vanquished Creatures
  A dart slug (D:2)
  4 ball pythons (D:1)
  5 bats (D:1)
  4 endoplasms (D:1)
  A giant cockroach (D:1)
  A goblin (D:1)
  A hobgoblin (D:1)
  A frilled lizard (D:1)
  2 rats
20 creatures vanquished.

Notes
Turn   | Place    | Note
-------+----------+-------------------------------------------
     0 | D:1      | anonymouscript the Draconian Conjurer began the quest for
                  | the Orb.
     0 | D:1      | Reached XP level 1. HP: 14/14 MP: 3/3
   385 | D:1      | Reached XP level 2. HP: 20/20 MP: 1/5
   825 | D:1      | Upgraded the game from 0.29-a0-284-gf9362112df to
                  | 0.30-a0-4-ga7cffc901d
  1164 | D:1      | Found a faded altar of an unknown god.
  1175 | D:1      | Prayed at the altar of an unknown god.
  1175 | D:1      | Became a worshipper of Zin the Law-Giver
  1175 | D:1      | Reached * piety under Zin
  1461 | D:2      | HP: 1/20 [adder (2)]
  1463 | D:2      | Zin protects you from harm!
  1464 | D:2      | Gained mutation: You are frail. (-10% HP) [potion of
                  | mutation]
  1464 | D:2      | Gained mutation: You are resistant to electric shocks.
                  | (rElec) [potion of mutation]
  1465 | D:2      | Slain by an adder

Illustrated notes

Levels and vault maps discovered:
D:1:      saegor_arrival_fortress, layout_basic,
          hellmonk_ecumenical_altar_inner_sanctum
D:2:      layout_basic

Skill      XL: |  1  2 |
---------------+-------+-----
Stealth        | 2 |  2.0
Dodging        | |  1.8
Spellcasting   | |  2.2
Conjurations   | |  4.6

Action                   || total
-------------------------++-------
Melee: Unarmed           ||    12
       Tailslap          ||     3
       Dagger            ||    15
 Cast: Magic Dart        ||    38
  Use: Scroll            ||     2
       Potion            ||     1
 Stab: Sleeping          ||     1
Armor: Skin              ||    28
Dodge: Dodged            ||    41

Table legend: (Time is in decaauts)
 A = Elapsed time spent in this place.
 B = Non-inter-level travel time spent in this place.
 C = Inter-level travel time spent in this place.
 D = Time resting spent in this place.
 E = Time spent auto-exploring this place.
 F = Levels seen in this place.
 G = Mean time per level.
                   A        B        C        D        E       F      G
               +--------+--------+--------+--------+--------+-----+--------+
         Total |   1463 |   1409 |     54 |     55 |   1020 |   2 |  731.5 |
       Dungeon |   1463 |   1409 |     54 |     55 |   1020 |   2 |  731.5 |
               +--------+--------+--------+--------+--------+-----+--------+

Top non-repeatable levels by time:
     D:1: 1374 daAuts
     D:2: 89 daAuts
